 Dungeon Crawl Stone Soup version 0.28.0 (webtiles) character file.

Game seed: 10560245100749973764

72 croobank the Sneak (level 4, 0/22 HPs)
             Began as a Felid Delver on Feb 16, 2022.
             Succumbed to an adder's poison
             ... on level 3 of the Dungeon.
             The game lasted 00:14:47 (3977 turns).

croobank the Sneak (Felid Delver)                   Turns: 3977, Time: 00:14:47

Health: 0/22       AC:  1    Str:  9 (10) XL:     4   Next: 6%
Magic:  5/5        EV: 18    Int:  8 (11) God:
Gold:   91         SH:  0    Dex: 14 (17) Spells: 3/3 levels left
                                        Lives:  0   Deaths: 1

rFire   . . .      SeeInvis +     - Unarmed
rCold   . . .      Faith    .   (shield unavailable)
rNeg    . . .      Spirit   .   (armour unavailable)
rPois   .          Reflect  .   (helmet unavailable)
rElec   .          Harm     .   (cloak unavailable)
rCorr   .          Rampage  .   (gloves unavailable)
Will    .....                   (boots unavailable)
Stlth   ++........              (no amulet)
HPRegen 0.07/turn               (no ring)
MPRegen 0.09/turn               (no ring)

@: lethally poisoned (0 -> -3), invisible, very slow
A: very small, claws 1, fangs 3, see invisible, speed 1, shaggy fur 1, stealthy
paws, no weapons or thrown items, no armour, multi-lived
a: no special abilities


You were on level 3 of the Dungeon.
You visited 1 branch of the dungeon, and saw 5 of its levels.

You collected 91 gold pieces.

Inventory:

Missiles
 f - 92 stones
 h - 44 bolts
 j - 20 arrows
Wands
 e - a wand of digging (3)
Scrolls
 a - 3 scrolls of fog
 b - 3 scrolls of teleportation {unknown}
 g - 2 scrolls of enchant armour {unknown}
 k - a scroll of brand weapon {unknown}
 l - a scroll of amnesia {unknown}


   Skills:
 + Level 3.8 Fighting
 + Level 4.1 Dodging
 + Level 7.4 Stealth
 + Level 3.0 Unarmed Combat


You had 3 spell levels left.
You didn't know any spells.
Your spell library contained the following spells:

 Spells                   Type           Power      Damage    Failure   Level
 Inner Flame              Hex/Fire       0%         N/A       78%         3
 Cause Fear               Hex            0%         N/A       99%         4
 Discord                  Hex            0%         N/A       100%        8


Dungeon Overview and Level Annotations

Branches:
Dungeon (5/15)
 Temple: D:4-7

Altars:


Innate Abilities, Weirdness & Mutations

You have sharp claws.
You have razor-sharp teeth.
You have supernaturally acute eyesight. (SInv)
You cover ground quickly. (Speed+)
You are covered in fur. (AC +1)
Your paws help you pounce on unaware monsters.
You are incapable of wielding weapons or throwing items.
You cannot wear armour.
You gain extra lives every three experience levels.


Message History

You barely miss the adder.
The adder is almost dead.
You feel sick. The adder closely misses you.
You miss the adder. You bite the adder.
You kill the adder!
You feel sick.
Welcome back to level 4!
You feel sick.
You see here an adder corpse.
You feel sick.
You feel sick.
You are no longer poisoned.
You see here a rat corpse. 3 adders come into view.
The adder hisses angrily. x2
The adder barely misses you. The adder bites you.
You closely miss the adder. The adder misses you.
Your extra speed is starting to run out.
The adder completely misses you. The adder misses you. The adder bites you.
As you read the scroll of fear, it crumbles to dust.
You assume a fearsome visage.
The adder looks frightened! x3
Cornered, the adder turns to fight!
You feel yourself slow down.
You see here an adder corpse.
The adder barely misses you. The adder bites you. The adder barely misses you.
You see here a river rat corpse.
The adder bites you.
* * * LOW HITPOINT WARNING * * *
You are lethally poisoned!
The adder poisons you! The adder barely misses you.
* * * LOW HITPOINT WARNING * * *
You feel sick. The adder bites you.
* * * LOW HITPOINT WARNING * * *
It was a potion of invisibility.
You fade into invisibility!
You die...

#.# #.# #.# ######## #.#
#########≈≈....# #.##
#≈≈SS≈≈≈#≈≈≈...#
#..####S#######≈#....########## #
...†.#SS≈≈≈≈≈≈#≈≈≈....##......# #
.....########≈#≈#≈....##......# #
.....# #≈≈≈≈≈#≈@†≈...##......# #
#..###≈≈≈≈#≈#S#S#≈....##......###
#...#######†#≈#S#≈...............
#<..##≈≈†≈≈≈#≈≈≈#.....##.......##
#....############.....##...[.....
#...#####.####........#####.##.##
.......................####.##.##
#................................
#...###.#.####.#.#####.######..##


You could see 2 adders.

Vanquished Creatures
  2 river rats (D:3)
  4 adders
  2 worms (D:3)
  2 dart slugs
  5 ball pythons
  5 bats
  4 endoplasms
  3 giant cockroaches
  4 goblins
  5 hobgoblins
  10 kobolds
  3 quokkas
  6 frilled lizards
  11 rats
66 creatures vanquished.

Notes
Turn   | Place    | Note
-------+----------+-------------------------------------------
     0 | D:5      | croobank the Felid Delver began the quest for the Orb.
     0 | D:5      | Reached XP level 1. HP: 10/10 MP: 2/2
    72 | D:5      | Noticed a scorpion
    75 | D:5      | Noticed a phantom
   373 | D:1      | Found a faded altar of an unknown god.
   391 | D:1      | Reached XP level 2. HP: 14/14 MP: 3/3
  1371 | D:2      | Reached skill level 7 in Stealth
  1371 | D:2      | Reached XP level 3. HP: 14/17 MP: 4/4
  2669 | D:3      | Identified the +2 scale mail of the Armoured One {Fly}
  2711 | D:3      | Reached XP level 4. HP: 21/21 MP: 5/5
  2828 | D:3      | HP: 1/21 [worm (12)]
  3869 | D:3      | Slain by a river rat
  3870 | D:3      | Reached XP level 3. HP: 0/18 MP: 4/4
  3947 | D:3      | Reached XP level 4. HP: 19/22 MP: 5/5
  3976 | D:3      | HP: 1/22 [adder (1)]
  3977 | D:3      | Succumbed to an adder's poison

Illustrated notes

Levels and vault maps discovered:
D:1:      dpeg_arrival_simpleton_b, layout_loops_ring,
          dreamdust_ecumenical_altar_angels_and_demons
D:2:      layout_rooms
D:3:      layout_basic, lightli_sewer_entry_pipes
D:4:      layout_layer_cave, uniq_sigmund, uniq_menkaure, uniq_ijyb
D:5:      layout_loops_ring, nicolae_hepliaklqana_ecumenical_no_more,
          minmay_temple_entry_glass, hangedman_glass_garden,
          uniq_crazy_yiuf_cottage

Skill      XL: |  1  2  3  4 |
---------------+-------------+-----
Dodging        | 3 4 |  4.1
Stealth        | 7 |  7.4
Unarmed Combat | 3 |  3.0
Fighting       | |  3.8

Action                   |  1- 3 |  4- 6 || total
-------------------------+-------+-------++-------
Melee: Unarmed           |   124 |    65 ||   189
       Bite              |    15 |     2 ||    17
       Punch             |     2 |     4 ||     6
  Use: Scroll            |     1 |     1 ||     2
       Potion            |     4 |     1 ||     5
 Stab: Sleeping          |    12 |     7 ||    19
       Distracted        |     1 |       ||     1
Armor: Skin              |     4 |     1 ||     5
Dodge: Dodged            |   101 |    59 ||   160
